 Dungeon Crawl Stone Soup version 0.17.0-28-g6e173f8 (webtiles) character file.

45 dvd the Digger (level 3, -2/19 HPs)
             Began as a Gargoyle Earth Elementalist on Nov 22, 2015.
             Slain by a gnoll
             ... wielding a +0 spear
              (5 damage)
             ... on level 2 of the Dungeon.
             The game lasted 00:07:03 (1228 turns).

dvd the Digger (Gargoyle Earth Elementalist)        Turns: 1228, Time: 00:07:03

Health: -2/19      AC:  5    Str: 11    XL:     3   Next: 64%
Magic:  1/7        EV:  6    Int: 16    God:
Gold:   51         SH:  0    Dex: 10    Spells: 3 memorised, 1 level left

rFire  . . .     SeeInvis .     e - +0 dagger (elec)
rCold  . . .     Clarity  .     a - +0 robe
rNeg   + . .     SustAt   .     (no shield)
rPois  ∞         Gourm    .     (no helmet)
rElec  +         Spirit   .     (no cloak)
rCorr  .         Warding  .     (no gloves)
rMut   .         Stasis   .     (no boots)
MR     .....                    (no amulet)
Stlth  ++........               (no ring)
                                (no ring)

@: held, not resistant to hostile enchantments, unstealthy
A: negative energy resistance 1, electricity resistance, unbreathing,
petrification resistance, rot immunity, AC +3
a: no special abilities


You were on level 2 of the Dungeon.
You were hungry.

You visited 1 branch of the dungeon, and saw 2 of its levels.

You collected 51 gold pieces.

Inventory:

Hand Weapons
 e - a +0 dagger of electrocution (weapon)
Missiles
 b - 16 stones (quivered)
Armour
 a - a +0 robe (worn)
Scrolls
 h - a scroll of magic mapping {unknown}
 j - 2 scrolls of identify {unknown}
 k - a scroll of blinking {unknown}
 n - 2 scrolls of fear {unknown}
 o - 2 scrolls of enchant armour {unknown}
Potions
 i - 2 potions of curing {unknown}
 l - a potion of resistance {unknown}
 m - 2 potions of heal wounds {unknown}
 p - a potion of lignification {unknown}
 q - a potion of poison {unknown}
Books
 c - a book of Geomancy

   Spells                             Type                      Level
   a - Sandblast                      Earth                        1
   b - Stoneskin                      Transmutation/Earth          2
   c - Passwall                       Transmutation/Earth          3
   d - Stone Arrow                    Conjuration/Earth            3
   e - Petrify                        Transmutation/Earth          4
   f - Lee's Rapid Deconstruction     Earth                        5
Comestibles
 d - a bread ration
 f - a meat ration
 g - a beef jerky
 r - a chunk of flesh


   Skills:
 + Level 1.8 Dodging
 + Level 2.2 Stealth
 + Level 2.6 Spellcasting
 + Level 0.7 Transmutations
 + Level 4.6 Earth Magic


You had one spell level left.
You knew the following spells:

 Your Spells              Type           Power        Failure   Level  Hunger
a - Sandblast             Erth           ###...       3%          1    #......
b - Stoneskin             Trmt/Erth      ##......     12%         2    ##.....
c - Stone Arrow           Conj/Erth      #.....       28%         3    ###....


Dungeon Overview and Level Annotations

Branches:
Dungeon (2/15)

Altars:


Innate Abilities, Weirdness & Mutations

You are resistant to torment.
Your stone body is resilient (AC +3).
You are immune to poison.
You resist negative energy.
You are resistant to electric shocks.
You can survive without breathing.
You are immune to petrification.
You are immune to rotting.


Message History

You barely miss the hobgoblin.
The gnoll hits you from afar with a spear!
The hobgoblin barely misses you.
You closely miss the hobgoblin.
The gnoll hits you from afar with a spear.
You hit the hobgoblin but do no damage.
There is a sudden explosion of sparks!
You kill the hobgoblin!
The gnoll barely misses you.
The gnoll throws a throwing net.
The throwing net hits you.
You become entangled in the net!
Things that are here:
a throwing net; a club; a hobgoblin corpse You try to slip out of the net.
You struggle to escape the net.
The gnoll hits you but does no damage.
You struggle against the net.
The gnoll hits you from afar with a spear.
* * * LOW HITPOINT WARNING * * *
You struggle to escape the net.
The gnoll hits you from afar with a spear.
You die...

#.####.#####.# ..
...#.........# .#
...#.#.......#..#.#
.........<......#.#
#..#.#...#.#...##.#
...#.#...#.######.#
##.#.#.#.#.#....(.####.#
......................>#
.###...#...#...#@#.###.#
.# #####..####.#.#.# .#
#..# #.#g# # .# #..#
#.#g# ## #..# #.#.#
#..####.#.. #.......###
###### ###.##### .....#
#..).#


You could see 2 gnolls.

Vanquished Creatures
  A gnoll (D:2)
  An adder (D:2)
  A ball python (D:1)
  A giant cockroach (D:2)
  2 goblins (D:1)
  5 hobgoblins
  4 bats
  6 kobolds (D:1)
  A quokka (D:2)
  9 rats
31 creatures vanquished.

Notes
Turn   | Place    | Note
--------------------------------------------------------------
     0 | D:1      | dvd the Gargoyle Earth Elementalist began the quest for the Orb.
     0 | D:1      | Reached XP level 1. HP: 10/10 MP: 3/3
   310 | D:1      | Reached XP level 2. HP: 15/15 MP: 1/5
   332 | D:1      | Reached skill level 4 in Earth Magic
   396 | D:1      | Learned a level 2 spell: Stoneskin
   935 | D:2      | Reached XP level 3. HP: 13/19 MP: 1/6
  1034 | D:2      | Learned a level 3 spell: Stone Arrow
  1228 | D:2      | Slain by a gnoll

Action                   || total
-------------------------++-------
Melee: Dagger            ||    22
 Cast: Sandblast         ||    39
       Stoneskin         ||     2
  Eat: Chunk             ||     1
